 Dungeon Crawl Stone Soup version 0.16-a0-4088-g7c8221e (console) character file.

1084 MarvinPA the Insei (level 8, -3/57 HPs)
             Began as a Demonspawn Transmuter on Feb 23, 2015.
             Was an Initiate of Ru.
             Succumbed to an orc warrior's poison
             ... on level 6 of the Dungeon.
             The game lasted 00:21:11 (7578 turns).

MarvinPA the Insei (Demonspawn Transmuter)          Turns: 7578, Time: 00:21:12

Health: -3/57      AC:  5    Str: 15    XL:     8   Next: 8%
Magic:  16/16      EV: 14    Int: 18    God:    Ru [......]
Gold:   290        SH:  0    Dex: 13    Spells: 4 memorised, 3 levels left

rFire  + . .     SeeInvis .       - Unarmed
rCold  + . .     Clarity  .     c - +0 robe
rNeg   + . .     SustAb   .     (no shield)
rPois  .         Gourm    .     y - +2 helmet
rElec  .         Spirit   .     (no cloak)
rCorr  .         Warding  .     (no gloves)
rMut   .         Stasis   .     (no boots)
MR     .....                    (no amulet)
Stlth  +.........               v - ring of protection from fire
                                q - ring of positive energy

@: mighty, lethally poisoned (-3 -> -58), hasted, very quick, not resistant to
hostile enchantments, very unstealthy
A: cold resistance 1, freezing cloud immunity
a: Renounce Religion


You were on level 6 of the Dungeon.
You worshipped Ru.
Ru was noncommittal.
You were hungry.

You visited 2 branches of the dungeon, and saw 7 of its levels.

You collected 290 gold pieces.


Innate Abilities, Weirdness & Mutations

Your flesh is cold resistant.
You are immune to freezing clouds.


   Skills:
 - Level 2.6 Fighting
 - Level 5.1 Dodging
 + Level 6.1 Unarmed Combat
 - Level 3.4 Spellcasting
 + Level 3.0 Transmutations


You had 3 spell levels left.
You knew the following spells:

 Your Spells              Type           Power        Failure   Level  Hunger
c - Ice Form              Ice/Trmt       #.......     87%         4    ####...
x - Spider Form           Trmt/Pois      #.........   30%         3    ###....
z - Beastly Appendage     Trmt           ##....       6%          1    None
Z - Sticks to Snakes      Trmt           ##........   10%         2    ##.....

Inventory:

Missiles
 b - 96 arrows
 e - 100 stones (quivered)
Armour
 c - a +0 robe (worn)
 y - a +2 helmet (worn)
Jewellery
 q - a ring of positive energy (left hand)
 v - a ring of protection from fire (right hand)
Scrolls
 f - 2 scrolls of fog {unknown}
 h - 3 scrolls of teleportation {unknown}
 i - a scroll of fear {unknown}
 j - a scroll of amnesia {unknown}
 n - 4 scrolls of identify {unknown}
 r - 2 scrolls of remove curse {unknown}
 u - 2 scrolls of noise {unknown}
 w - 2 scrolls of enchant weapon {unknown}
 z - a scroll of magic mapping {unknown}
 C - a scroll of holy word {unknown}
 E - a scroll of random uselessness {unknown}
Potions
 g - a potion of brilliance {unknown}
 k - a potion of might
 l - a potion of heal wounds {unknown}
 m - a potion of cure mutation
 o - a potion of flight {unknown}
 p - a potion of haste {@q3}
 s - a potion of invisibility {unknown}
 x - a potion of ambrosia {unknown}
 A - a potion of restore abilities
 D - a potion of mutation {unknown}
Books
 d - a book of Changes
 B - a book of Debilitation
Comestibles
 a - 3 bread rations
 t - 3 meat rations

Dungeon Overview and Level Annotations

Branches:
Dungeon (6/15)             Temple (1/1) D:4

Altars:
Ashenzari
Cheibriados
Dithmenos
Elyvilon
Fedhas
Gozag
Kikubaaqudgha
Makhleb
Nemelex Xobeh
Okawaru
Qazlal
Ru
Sif Muna
Trog
Vehumet
Xom
Yredelemnul
Zin
The Shining One

Shops:
D:5

(
####...........#.###.....#
..........######.# #.....#
..........# #.# #......
.#+#..#.### #[# #.....#.
#........####.# #####
#...#.##......# # ...#.
.######..# .# .....#. .#
#..# ..## ### #. .#
##.6##### ...# #. .#
##...#...##....# #. .#
##..oo)....#....## . .
#................#
#...........#..#..
#........?..# .
##.(..............
##..............
##..........#..#


You could see an orc warrior and an orc.


Message History

You feel troubled.
* * * LOW HITPOINT WARNING * * *
You feel sick. The orc warrior misses you.
Drink which item? (? for menu, Esc to quit)
It was a potion of restore abilities.
You feel your dexterity returning.
* * * LOW HITPOINT WARNING * * *
You feel sick. The orc closely misses you.
Drink which item? (? for menu, Esc to quit)
It was a potion of might.
You feel very mighty all of a sudden.
* * * LOW HITPOINT WARNING * * *
You feel sick.
The orc warrior hits you from afar with a trident of venom!
* * * LOW HITPOINT WARNING * * *
You are more poisoned.
The phantom blinks!
The orc wizard casts a spell.
The orc wizard flickers and vanishes!
Deactivating autopickup; reactivate with Ctrl-A.
The orc misses you.
Drink which item? (? for menu, Esc to quit)
It was a potion of cure mutation.
It has a very clean taste.
Your transformation has ended.
* * * LOW HITPOINT WARNING * * *
You feel very sick.
The orc warrior hits you but does no damage.
You are more poisoned.
Drink which item? (? for menu, Esc to quit)
It was a potion of haste.
You feel yourself speed up.
You die...

Action                   |  1- 3 |  4- 6 |  7- 9 || total
-------------------------+-------+-------+-------++-------
Melee: Unarmed           |   106 |   294 |   108 ||   508
Throw: Stone             |    13 |     2 |       ||    15
 Cast: Beastly Appendage |    14 |     4 |     1 ||    19
       Sticks to Snakes  |     6 |       |       ||     6
       Spider Form       |     2 |    18 |    11 ||    31
Invok: Reject Sacrifices |       |       |     1 ||     1
 Abil: End Transformatio |     1 |     6 |     6 ||    13
  Use: Potion            |       |     2 |     4 ||     6
 Stab: Sleeping          |       |     1 |       ||     1
  Eat: Chunk             |     1 |    16 |     5 ||    22
       Bread ration      |     1 |       |       ||     1

Vault maps used:
D:1:      matt_arrival_los_fun
D:3:      first_bread, grunt_decor_one_mirror
D:4:      grunt_temple_overflow_open, minmay_temple_entry_grid
D:5:      serial_shops, nicolae_shop_trees, elyvilon_altar_4
D:6:      serial_shops, nicolae_shop_overgrown_old_shop, kennysheep_mini_moat
Temple:   circular_temple_12

Notes
Turn   | Place    | Note
--------------------------------------------------------------
     0 | D:1      | MarvinPA, the Demonspawn Transmuter, began the quest for the Orb.
     0 | D:1      | Reached XP level 1. HP: 15/15 MP: 3/3
   330 | D:1      | Reached skill level 3 in Unarmed Combat
   374 | D:1      | Gained mutation: Your flesh is cold resistant. [demonic ancestry]
   374 | D:1      | Reached XP level 2. HP: 21/21 MP: 2/4
   674 | D:1      | Reached skill level 2 in Fighting
   678 | D:1      | Learned a level 2 spell: Sticks to Snakes
  1381 | D:2      | Reached XP level 3. HP: 14/27 MP: 3/6
  1412 | D:2      | HP: 2/28 [gnoll/club (11)]
  1708 | D:2      | Learned a level 3 spell: Spider Form
  1970 | D:2      | Reached skill level 2 in Transmutations
  2258 | D:2      | Gained mutation: You are immune to freezing clouds. [demonic ancestry]
  2258 | D:2      | Reached XP level 4. HP: 8/34 MP: 4/7
  3765 | D:3      | Reached skill level 3 in Spellcasting
  3853 | D:3      | Reached XP level 5. HP: 39/39 MP: 7/11
  4287 | D:4      | Reached skill level 3 in Transmutations
  4644 | D:4      | Found a stormy altar of Qazlal.
  4644 | D:4      | Found a sparkling altar of Nemelex Xobeh.
  4644 | D:4      | Found a glowing silver altar of Zin.
  4651 | D:4      | Reached skill level 2 in Dodging
  4895 | D:4      | Found a staircase to the Ecumenical Temple.
  4903 | Temple   | Entered the Ecumenical Temple
  4988 | Temple   | Became a worshipper of Ru the Awakened
  5121 | D:4      | Found a burning altar of Makhleb.
  5122 | D:4      | Found a deep blue altar of Sif Muna.
  5122 | D:4      | Found a glowing golden altar of the Shining One.
  5123 | D:4      | Found an ancient bone altar of Kikubaaqudgha.
  5140 | D:4      | Reached XP level 6. HP: 18/46 MP: 13/13
  5710 | D:4      | Reached skill level 4 in Unarmed Combat
  5872 | D:5      | Entered Level 5 of the Dungeon
  5923 | D:5      | Found Kaun Sku's Weapon Boutique.
  5972 | D:5      | Reached skill level 3 in Dodging
  6457 | D:5      | Reached XP level 7. HP: 51/51 MP: 11/15
  6472 | D:5      | Found a white marble altar of Elyvilon.
  6488 | D:5      | Reached skill level 5 in Unarmed Combat
  6537 | D:5      | Reached skill level 4 in Dodging
  6555 | D:5      | Learned a level 4 spell: Ice Form
  7203 | D:6      | Reached skill level 5 in Dodging
  7203 | D:6      | Reached skill level 6 in Unarmed Combat
  7203 | D:6      | Reached XP level 8. HP: 29/57 MP: 2/16
  7576 | D:6      | HP: 5/57 [orc warrior/trident of venom (7)]
  7577 | D:6      | HP: 1/57 [poisoned by an orc warrior]
  7578 | D:6      | Succumbed to an orc warrior's poison

Vanquished Creatures
  An orc warrior (D:6)
  An ice beast (D:5)
  A sky beast (D:6)
  An ogre (D:5)
  2 crimson imps
  A quasit (D:6)
  A centaur zombie (D:6)
  An orc priest (D:5)
  2 hounds
  2 iguanas
  6 orc wizards
  3 worker ants
  A worker ant zombie (D:4)
  6 adders
  2 worms (D:2)
  An adder skeleton (D:4)
  3 giant geckos
  An ooze (D:2)
  20 orcs
  7 giant cockroaches
  6 hobgoblins
  4 jackals (D:4)
  2 quokkas
  2 ball pythons
  12 bats
  6 giant newts
  9 goblins
  15 kobolds
  A quokka zombie (D:5)
  9 rats
129 creatures vanquished.

Vanquished Creatures (collateral kills)
  An adder (D:2)
  4 gnolls (D:2)
  A kobold (D:1)
6 creatures vanquished.

Vanquished Creatures (others)
  An orc wizard (D:5)
  2 orcs
  A quokka (D:5)
  A kobold (D:5)
5 creatures vanquished.

Grand Total: 140 creatures vanquished
